 Dungeon Crawl Stone Soup version 0.31.0-12-g77e489cdc1 (webtiles) character file.

Game seed: 15740561058477075491

60 Silvore the Covered (level 3, -4/29 HPs)
             Began as a Demonspawn Fighter on Feb 12, 2024.
             Slain by a gnoll
             ... wielding a +0 whip
              (6 damage)
             ... on level 2 of the Dungeon.
             The game lasted 00:01:31 (1328 turns).

Silvore the Covered (Demonspawn Fighter)            Turns: 1328, Time: 00:01:31

Health: -4/29      AC: 12    Str: 18    XL:     3   Next: 80%
Magic:  3/3        EV:  5    Int:  8    God:
Gold:   108        SH:  4    Dex: 12    Spells: 2/2 levels left

rFire   + . .        a - +0 long sword
rCold   . . .        c - +0 buckler
rNeg    . . .        g - +0 plate armour
rPois   .            (no helmet)
rElec   .            (no cloak)
rCorr   .            (no gloves)
SInv    .            f - +0 pair of boots
Will    .....        (no amulet) Stlth
                     o - ring of protection from fire
HPRegen 0.24/turn    (no ring)
MPRegen 0.08/turn

%: no passive effects
@: no status effects
A: hooves 2
a: no special abilities


You were on level 2 of the Dungeon.
You visited 1 branch of the dungeon, and saw 2 of its levels.

You collected 108 gold pieces.

Inventory:

Hand Weapons
 a - a +0 long sword (weapon)
Armour
 b - a +0 scale mail
 c - a +0 buckler (worn)
 f - a +0 pair of boots (worn)
 g - a +0 plate armour (worn)
Jewellery
 o - a ring of protection from fire (left hand)
Scrolls
 j - a scroll of blinking
 k - a scroll of teleportation {unknown}
 m - a scroll of enchant armour {unknown}
Potions
 d - a potion of might
 e - a potion of curing {unknown}
 h - a potion of invisibility {unknown}
 i - a potion of lignification {unknown}
 l - a potion of heal wounds {unknown}
 n - a potion of mutation {unknown}


   Skills:
 + Level 3.3 Fighting
 + Level 2.6 Long Blades
 + Level 3.3 Armour
 + Level 2.9 Shields


You had 2 spell levels left.
You didn't know any spells.
Your spell library was empty.

Dungeon Overview and Level Annotations

Branches:
Dungeon (2/15)

Altars:

Annotations:
D:2 Jessica


Innate Abilities, Weirdness & Mutations

You have hoof-like feet.


Message History

You hit the adder.
You kill the adder!
You feel sick.
You feel sick.
A gnoll comes into view. It is wielding a +0 whip.
Jessica and 2 gnolls come into view.
You feel sick.
You are no longer poisoned.
Jessica shouts!
The gnoll shouts!
An endoplasm comes into view.
The kobold shoots a sling bullet.
The sling bullet hits you!
The endoplasm quivers.
There is an open door, spattered with blood here.
Okay, then.
The kobold shoots a sling bullet.
The sling bullet hits you but does no damage.
The kobold shoots a sling bullet.
The sling bullet hits you.
The kobold shoots a sling bullet.
The sling bullet hits you.
The kobold shoots a sling bullet.
The sling bullet hits you.
* * * LOW HITPOINT WARNING * * *
The kobold unwields the +5 sling of Extermination {heavy, rN+}.
The kobold wields a +0 whip.
The kobold hits you but does no damage.
You hit the kobold.
The kobold is severely wounded.
The kobold hits you but does no damage.
You barely miss the kobold.
The kobold is severely wounded.
The kobold hits you but does no damage. x2
You slash the kobold!
You kill the kobold!
You barely miss the gnoll. You block the gnoll's attack.
You barely miss the gnoll. The gnoll closely misses you.
You hit the gnoll but do no damage. The gnoll hits you with a +0 whip.
* * * LOW HITPOINT WARNING * * *
The gnoll hits you with a +0 whip.
* * * LOW HITPOINT WARNING * * *
You slash the gnoll!
The gnoll is heavily wounded.
The gnoll hits you with a +0 whip.
You die...

..# #...K.....##
#...g....J. ..#
#....).....#
#.....Kg... ..#
#..........#
#.....g.... #.#
#..........#
#.......... #.#.#
#..........#
#.......@.. #.#.#
#..........#
#.......... #.#.#
##########.#
#.......... #>#.# #g#
#.#.############@#
#.#............#.#
#.#...###....###.####
..'...'.............#
.##...###>...###....#
)##...# #....# #....#
.##..[# #....# #....#
.##...# #....# ######
###...# #....#


You could see a gnoll.

Vanquished Creatures
  2 adders (D:2)
  4 ball pythons (D:1)
  3 endoplasms
  2 giant cockroaches
  3 goblins (D:1)
  5 hobgoblins (D:1)
  3 jackals (D:1)
  3 kobolds
  4 quokkas (D:1)
  A bat (D:1)
  A frilled lizard (D:1)
  6 rats
37 creatures vanquished.

Notes
Turn   | Place    | Note
-------+----------+-------------------------------------------
     0 | D:1      | Silvore the Demonspawn Fighter began the quest for the Orb.
     0 | D:1      | Reached XP level 1. HP: 18/18 MP: 1/1
   296 | D:1      | Gained mutation: You have large cloven feet. [demonic
                  | ancestry]
   296 | D:1      | Reached XP level 2. HP: 24/24 MP: 2/2
   697 | D:1      | Gained mutation: You have hoof-like feet. [demonic
                  | ancestry]
   697 | D:1      | Reached XP level 3. HP: 27/29 MP: 3/3
  1115 | D:2      | Found a faded altar of an unknown god.
  1275 | D:2      | Identified the +5 sling of Extermination {heavy, rN+}
  1281 | D:2      | Noticed Jessica
  1328 | D:2      | Slain by a gnoll

Illustrated notes

Levels and vault maps discovered:
D:1:      erik_arrival_triangle_large, layout_loops_corners, patterned_corridor
D:2:      layout_basic, ebering_ecumenical_altar_box, minmay_between,
          uniq_jessica

Skill      XL: |  1  2 |
---------------+-------+-----
Armour         | 3 |  3.3
Long Blades    | 2 |  2.6
Fighting       | |  3.3
Shields        | |  2.9

Action                     || total
---------------------------++-------
  Melee: Long sword        ||    95
         Kick              ||     7
    Use: Scroll            ||     1
 Armour: Scale mail        ||    18
         Plate armour      ||    69
  Dodge: Dodged            ||    22
  Block: Buckler           ||    16
